 Dungeon Crawl Stone Soup version 0.26.1-11-gd32895ea62 (webtiles) character file.

Game seed: 13773391135711617062

17 unlimited1921 the Firebug (level 2, 0/20 HPs)
             Began as a Demigod Fire Elementalist on July 6, 2021.
             Slain by a goblin (3 damage)
             ... led by Robin
             ... on level 1 of the Dungeon.
             The game lasted 00:07:16 (2072 turns).

unlimited1921 the Firebug (DgFE)                    Turns: 2072, Time: 00:07:16

Health: 0/20       AC:  3    Str: 11    XL:     2   Next: 30%
Magic:  7/7        EV: 12    Int: 19    God:
Gold:   8          SH:  0    Dex: 16    Spells: 4/5 levels left

rFire    . . .     SeeInvis .   g - +0 short sword
rCold    . . .     Faith    .   (no shield)
rNeg     . . .     Spirit   .   a - +0 robe
rPois    .         Reflect  .   (no helmet)
rElec    .         Harm     .   l - +0 cloak
rCorr    .         Rampage  .   (no gloves)
Will     .....                  (no boots)
Stlth    ++........             (no amulet)
HPRegen  0.06/turn              (no ring)
MPRegen  0.10/turn              (no ring)

@: no status effects
A: high mp 1
a: no special abilities


You were on level 1 of the Dungeon.
You visited 1 branch of the dungeon, and saw 2 of its levels.

You collected 8 gold pieces.

Inventory:

Hand Weapons
 c - a +0 club
 g - a +0 short sword (weapon)
Missiles
 b - 18 arrows
Armour
 a - a +0 robe (worn)
 l - a +0 cloak (worn)
Scrolls
 d - a scroll of random uselessness {unknown}
 f - a scroll of enchant armour {unknown}
 i - a scroll of immolation {unknown}
 j - a scroll of magic mapping {unknown}
 k - a scroll of remove curse {unknown}
Potions
 h - a potion of lignification {unknown}
 m - a potion of might {unknown}


   Skills:
 + Level 1.8 Dodging
 + Level 2.0 Stealth
 + Level 2.0 Spellcasting
 + Level 1.1 Conjurations
 + Level 3.1 Fire Magic


You had 4 spell levels left.
You knew the following spells:

 Your Spells              Type           Power        Failure   Level
a - Foxfire               Conj/Fire      36%          7%          1

Your spell library contained the following spells:

 Spells                   Type           Power        Failure   Level
 Conjure Flame            Conj/Fire      9%           22%         3
 Inner Flame              Hex/Fire       7%           26%         3
 Sticky Flame             Conj/Fire      9%           56%         4
 Fireball                 Conj/Fire      4%           89%         5


Dungeon Overview and Level Annotations

Branches:
Dungeon (2/15)

Annotations:
D:2 Robin


Innate Abilities, Weirdness & Mutations

You have an increased reservoir of magic. (+10% MP)


Message History

The hobgoblin closely misses you. The goblin barely misses you.
The goblin hits you. x2; Robin throws the goblin at you!
Robin throws the goblin at you! The goblin closely misses you.
The goblin hits you but does no damage. The goblin closely misses you.
The goblin barely misses you.
Robin flexes a bicep menacingly.
The goblin hits you. The goblin closely misses you.
Robin roars a battlecry!
The goblins go into a battle-frenzy!
The goblin hits you.
There is a stone staircase leading up here.
The goblin hits you.
* * * LOW HITPOINT WARNING * * *
The goblin hits you but does no damage. The goblin barely misses you.
You climb upwards.
There is a stone staircase leading down here.
It was a potion of cancellation.
You feel magically purged. The goblin hits you.
You die...

#.# #####.#
......#
.####.#
.######
'#☼○○°##
.#☼☼§☼≈#
.#○≈°○§#
#.######
.#≈§#○≈#
#....g@#
.#≈○≈○☼#
......g.g..#
<#☼☼≈☼☼#
#######.##.#
.#≈≈☼☼≈# #.#
# .# ≈≈§≈#
#.# .#÷≈#≈≈#
#.# .#☼§ ≈≈#
#.# +#☼○§
#.# ####


You could see 3 goblins.

Vanquished Creatures
  A giant cockroach (D:1)
  A goblin (D:1)
  3 hobgoblins (D:1)
  3 jackals (D:1)
  3 bats (D:1)
  A frilled lizard (D:1)
  A kobold (D:1)
  2 rats (D:1)
15 creatures vanquished.

Vanquished Creatures (others)
  47 foxfires (D:1)
47 creatures vanquished.

Grand Total: 62 creatures vanquished

Notes
Turn   | Place    | Note
-------+----------+-------------------------------------------
     0 | D:1      | unlimited1921 the Demigod Fire Elementalist began the quest
                  | for the Orb.
     0 | D:1      | Reached XP level 1. HP: 14/14 MP: 5/5
   191 | D:1      | Reached skill level 3 in Fire Magic
   632 | D:1      | Reached XP level 2. HP: 20/20 MP: 4/7
  1304 | D:1      | Reached skill level 1 in Conjurations
  2064 | D:1      | You fall into a shaft and drop 1 floor!
  2065 | D:2      | Noticed Robin
  2072 | D:1      | Slain by a goblin

Illustrated notes

Levels and vault maps discovered:
D:1:      saegor_arrival_miasma, layout_loops_ring
D:2:      layout_rooms, nicolae_dithmenos_through_a_glass_darkly,
          old_standard_altar, grunt_ministairs_5, minmay_cut_off, uniq_sigmund,
          uniq_robin

Skill      XL: |  1  2 |
---------------+-------+-----
Fire Magic     | 3 |  3.1
Spellcasting   | 2 |  2.0
Conjurations   | 1 |  1.1
Stealth        | 2 |  2.0
Dodging        | |  1.8

Action                   || total
-------------------------++-------
 Cast: Foxfire           ||    30
  Use: Potion            ||     1
Armor: Robe              ||     5
Dodge: Dodged            ||    13
